 Dungeon Crawl Stone Soup version 0.27-a0-1154-gfdeffcb720 (webtiles) character file.

Game seed: 3151746548416768981

246129 toffzen the Warrior (level 19, -1/123 (132) HPs)
             Began as a Tengu Berserker on May 14, 2021.
             Was a High Priest of Trog.
             Slain by an ironbound thunderhulk
             ... wielding a +0 dire flail of draining
              (16 damage)
             ... while paralysed
             ... on level 3 of the Vaults.
             The game lasted 01:42:13 (51239 turns).

toffzen the Warrior (Tengu Berserker)              Turns: 51239, Time: 01:42:14

HP:   -1/123 (132)  AC: 18    Str: 31    XL:     19   Next: 95%
MP:   20/20         EV:  2    Int:  9    God:    Trog [*****.]
Gold: 1673          SH:  0    Dex: 14    Spells: 18/18 levels left

rFire    + . .     SeeInvis .   a - +4 broad axe of Rotation {flame, rC+ Will+ Str+7 Stlth-}
rCold    + + +     Faith    .   o - +0 tower shield
rNeg     . . .     Spirit   .   q - +7 chain mail "Poutsome" {rC+ Slay+5 Stlth+}
rPois    +         Reflect  .   (helmet restricted)
rElec    .         Harm     .   u - scarf {rC+ rF+}
rCorr    .         Rampage  .   c - +0 pair of gloves
Will     +++..                  (boots unavailable)
Stlth    ..........             Q - amulet of the acrobat
HPRegen  0.30/turn              M - ring of poison resistance
MPRegen  0.17/turn              r - ring of willpower

@: paralysed, marked, on berserk cooldown, flying quickly and evasively, slowed,
drained, quick
A: beak, talons 3, nimble flight, deformed body
}: 1/15 runes: decaying
a: Renounce Religion, Berserk, Trog's Hand, Brothers in Arms


You were on level 3 of the Vaults.
You worshipped Trog.
Trog was extremely pleased with you.
You visited 6 branches of the dungeon, and saw 31 of its levels.
You visited the Abyss 1 time.

You collected 2828 gold pieces.
You spent 1155 gold pieces at shops.

Inventory:

Hand Weapons
 a - the +4 broad axe of Rotation (weapon) {flame, rC+ Will+ Str+7 Stlth-}
   (Trog gifted it to you on level 5 of the Lair of Beasts)

   It has been specially enchanted to burn those struck by it, causing extra
   injury to most foes and up to half again as much damage against particularly
   susceptible opponents.
   Big, fiery blades are also staple armaments of hydra-hunters.
   It affects your strength (+7).
   It protects you from cold.
   It increases your willpower.
   It makes you less stealthy.
 b - a +3 antimagic broad axe
 s - the +7 flail "Vofaexir" {vamp, rN++}
   (You took it off a spriggan on level 2 of the Swamp)

   It inflicts no extra harm, but heals its wielder when it wounds a living foe.
   It greatly protects you from negative energy.
 K - the +6 whip of Foul Odors {speed, Contam Will+++ Dex+2}
   (You bought it in a shop on level 2 of the Orcish Mines)

   Attacks with this weapon are significantly faster.
   It affects your dexterity (+2).
   It causes magical contamination when unequipped.
   It greatly increases your willpower.
 U - a +1 vorpal broad axe
Missiles
 d - 968 stones
 E - 4 throwing nets
Armour
 c - a +0 pair of gloves (worn)
 h - a +1 plate armour of willpower
 l - +0 gold dragon scales
 o - a +0 tower shield (worn)
 q - the +7 chain mail "Poutsome" (worn) {rC+ Slay+5 Stlth+}
   (You found it on level 4 of the Swamp)

   It affects your accuracy and damage with ranged weapons and melee attacks
   (+5).
   It protects you from cold.
   It makes you more stealthy.
 u - a scarf of resistance (worn)
Jewellery
 r - a ring of willpower (right hand)
 v - a ring of positive energy
 w - a ring of resist corrosion
 x - a +4 ring of evasion
 D - a +4 ring of protection
 M - a ring of poison resistance (left hand)
 Q - an amulet of the acrobat (around neck)
 T - a ring of protection from fire
 V - a ring of protection from cold
 W - a ring of ice
 Y - a +4 ring of protection
Wands
 j - a wand of mindburst (12)
 n - a wand of charming (11)
 H - a wand of polymorph (11)
 L - a wand of iceblast (12)
 N - a wand of flame (98)
 X - a wand of acid (21)
 Z - a wand of paralysis (4)
Scrolls
 f - 5 scrolls of enchant armour
 g - 6 scrolls of silence
 i - 4 scrolls of teleportation
 y - 7 scrolls of fog
 z - 5 scrolls of magic mapping
 A - 3 scrolls of brand weapon
 C - 9 scrolls of identify
 G - 2 scrolls of enchant weapon
 P - 3 scrolls of holy word
 S - a scroll of summoning
Potions
 e - 5 potions of attraction
 k - 7 potions of might
 m - 17 potions of curing
 p - 4 potions of heal wounds
 t - 2 potions of resistance
 B - 7 potions of cancellation
 F - 2 potions of haste
 I - a potion of invisibility
 J - a potion of mutation
 R - 2 potions of lignification
Miscellaneous
 O - a lightning rod (4/4)


   Skills:
 * Level 18.8 Fighting
 - Level 18.0 Axes
 + Level 15.3 Armour
 + Level 15.3 Dodging
 + Level 14.0 Shields


You had 18 spell levels left.
You didn't know any spells.
Your spell library was empty.

Dungeon Overview and Level Annotations

Branches:
Dungeon (15/15)            Temple (0/1) D:5            Lair (6/6) D:8
  Swamp (4/4) Lair:2        Snake (1/4) Lair:3        Slime (0/5) Lair:6
    Orc (2/2) D:9             Elf (0/3) Orc:2        Vaults (3/5) D:14
  Crypt (0/3) Vaults:3     Depths (0/5) D:15

Altars:
Gozag
Okawaru
Ru
Wu Jian
The Shining One

Shops:
D:1 ?   D:7 ?(([*   D:10 [:   D:14 [   D:15 *   Orc:1 (   Orc:2 [!!**
Snake:1 [[[=

Annotations:
D:7 1 runed translucent door, Cralpanu's ghost, novice FoFi
D:8 exclusion: 2 doors
D:12 exclusion: ice statue
D:15 3 runed translucent doors, Lokh's ghost, journeyman MiBe
Lair:2 3 exclusions
Lair:3 2 transporters, exclusions: electric eel and 2 more exclusions, Armakuni's ghost, journeyman VSAr
Swamp:1 3 runed translucent doors, Puri's ghost, adept GrFi
Vaults:2 3 runed translucent doors, Nybbakke's ghost, adept MiFi
Vaults:3 3 runed translucent doors, exclusion: door, Wakhat's ghost, adept MiFi


Innate Abilities, Weirdness & Mutations

You have a beak for a mouth.
You have claws for feet.
Your magical nature lets you fly swiftly and evasively.
Armour fits poorly on your strangely shaped body.


Message History

The ironbound thunderhulk completely misses you.
Things that are here:
a +0 falchion; a +0 ring mail; a human corpse You barely miss the ironbound thunderhulk.
Your kick misses the ironbound thunderhulk.
The ironbound thunderhulk is lightly wounded.
You slice the deep troll!! You burn the deep troll.
The deep troll bites you but does no damage.
The deep troll barely misses you. You block the deep troll's attack.
You closely miss the ironbound thunderhulk.
You claw the ironbound thunderhulk! You peck the ironbound thunderhulk!
The ironbound thunderhulk is moderately wounded.
You slash the deep troll! You burn the deep troll.
You are no longer berserk.
You pass out from exhaustion.
You feel yourself slow down.
An ironbound thunderhulk comes into view.
It is wielding a +0 dire flail.
The ironbound thunderhulk hits you but does no damage.
You feel drained.
The deep troll bites you but does no damage.
The deep troll claws you but does no damage.
The deep troll claws you!
The ironbound thunderhulk hits you with a +0 dire flail of draining!
You feel drained.
The deep troll bites you but does no damage.
The deep troll claws you but does no damage.
The deep troll claws you.
The ironbound thunderhulk hits you with a +0 dire flail of draining.
You feel drained.
The deep troll bites you but does no damage.
The deep troll claws you but does no damage.
The deep troll claws you!
The ironbound thunderhulk hits you with a +0 dire flail of draining.
You feel drained. The deep troll bites you!
* * * LOW HITPOINT WARNING * * *
The deep troll barely misses you. The deep troll claws you!
* * * LOW HITPOINT WARNING * * *
A vault sentinel comes into view. It is wielding a +0 falchion.
The ironbound thunderhulk hits you with a +0 dire flail of draining!
You die...

....... ?......##################
.......p.................
'##'####....#########.... .
'.......#....'.......#....
.#.......#....#.......#....
.......#.......#O...#....>..#....
.......#.......#....#.......#....
.......#.......#@O..#.......#....
.......#.......#.T..#.......#....
.......#.......#)#######+#######.
.......##)######.#.............#.
.................#8...........8#.
.................######+++######.
.................#...CooCoooo..#.
.......#####.....#....#####....#.
.......#...##....#.###


oWo ###.#. You could see 2 ironbound thunderhulks, a deep troll and a vault
sentinel.

Vanquished Creatures
  Sojobo (Vaults:2)
  the Lernaean hydra (Swamp:4)
  Jorgrun (Orc:1)
  A tentacled monstrosity (Swamp:4)
  Rupert (D:14)
  2 sphinxes
  A thorn hunter (Swamp:2)
  2 tengu reavers (Vaults:2)
  Donald (Swamp:1)
  A fire giant (Vaults:2)
  2 orc warlords
  6 vault wardens
  Louise (Snake:1)
  12 ironbound preservers
  2 war gargoyles (Vaults:2)
  2 stone giants
  4 bunyips
  A dire elephant (Vaults:3)
  A jiangshi (Vaults:3)
  Snorg (Orc:1)
  An eidolon (Vaults:3)
  5 eleionomae
  Josephine (Lair:6)
  3 crystal guardians (Vaults:2)
  2 great orbs of eyes (Vaults:1)
  8 vault guards (Vaults:1)
  5 yaktaur captains
  26 hydras
  Harold (D:9)
  Erolcha (D:9)
  A boulder beetle (Lair:6)
  3 ironbound thunderhulks
  5 alligators
  A ghost crab (Swamp:1)
  2 peacekeepers
  2 anacondas (Snake:1)
  18 centaur warriors
  6 ironbound frosthearts
  2 tengu warriors (D:15)
  4 two-headed ogres
  A merfolk avatar (Lair:6)
  An ironbound beastmaster (Vaults:2)
  19 death yaks
  4 orc high priests
  A shock serpent (Snake:1)
  Urug (D:14)
  Nergalle (Orc:1)
  A death drake (Swamp:3)
  2 spriggan druids (Swamp:3)
  37 deep trolls
  A goliath frog (Swamp:1)
  A glowing orange brain (Vaults:1)
  A large abomination (Abyss:3)
  4 bog bodies
  11 swamp dragons
  A harpy (Vaults:1)
  Pikel (D:9)
  8 ironbound convokers
  6 wizards
  A lindwurm (Lair:6)
  2 necromancers
  A stone giant zombie (Vaults:1)
  A deep elf pyromancer (D:12)
  3 orc sorcerers (Orc:2)
  26 ugly things
  4 orc knights
  5 will-o-the-wisps
  7 manticores
  24 elephants
  2 cyclopes (D:15)
  14 slime creatures
  Maurice (D:8)
  13 vault sentinels
  6 black mambas
  2 torpor snails
  An apocalypse crab (Abyss:3)
  8 cane toads
  2 gargoyles (D:12)
  An unseen horror (D:11)
  2 rime drakes
  A kobold demonologist (D:12)
  22 yaktaurs
  Psyche (D:11)
  15 komodo dragons
  A freezing wraith (Vaults:3)
  5 polar bears
  4 tyrant leeches
  A queen bee (D:11)
  7 hornets
  8 trolls
  A wind drake (Lair:6)
  22 blink frogs
  A raiju (Abyss:3)
  2 dream sheep (Lair:4)
  A shadow (D:12)
  8 spriggans
  A water elemental (D:15)
  10 wyverns
  8 wraiths
  3 centaur simulacra (D:11)
  A vampire (D:14)
  16 humans (D:14)
  4 steam dragons
  47 yaks
  3 basilisks
  Grum (D:9)
  12 vampire mosquitoes
  15 swamp worms
  Menkaure (D:5)
  A warg (Orc:1)
  A naga (Snake:1)
  An acid dragon (D:12)
  12 water moccasins
  7 swamp drakes
  29 orc warriors
  An ice beast (D:11)
  4 black bears
  2 necrophages
  3 sky beasts
  10 centaurs
  5 boggarts (Vaults:1)
  20 ogres
  19 wolves
  A phantom (D:7)
  A lemure (D:9)
  6 kobold brigands
  13 bullfrogs
  A gnoll sergeant (D:9)
  A human skeleton (Vaults:1)
  A wyvern zombie (D:6)
  3 scorpions
  A glowing shapeshifter simulacrum (Vaults:1)
  A wyvern skeleton (D:6)
  A water moccasin skeleton (D:4)
  14 killer bees
  7 wights
  4 electric eels
  A howler monkey (D:11)
  A lava snake (Lair:2)
  3 centaur zombies
  A bullfrog zombie (D:6)
  4 jellies
  37 orc priests
  A centaur skeleton (D:6)
  A gnoll shaman (D:3)
  3 hounds
  Jessica (D:2)
  15 iguanas
  30 orc wizards
  A scorpion zombie (D:5)
  A howler monkey zombie (D:6)
  5 gnolls
  A howler monkey skeleton (D:7)
  10 adders
  A shadow imp (D:6)
  3 white imps
  A howler monkey simulacrum (D:11)
  2 ufetubi (D:11)
  An adder skeleton (D:4)
  6 worms
  3 dart slugs
  95 orcs
  4 ball pythons
  5 endoplasms
  5 giant cockroaches
  10 goblins
  7 hobgoblins
  10 jackals
  16 kobolds
  4 quokkas
  3 bats
  17 frilled lizards
  3 rats
1073 creatures vanquished.

Vanquished Creatures (collateral kills)
  A vault warden (Vaults:1)
  An ironbound preserver (Vaults:1)
  An ironbound thunderhulk (Vaults:1)
  A spriggan druid (Swamp:4)
  A swamp dragon (Swamp:4)
  A swamp worm (Swamp:4)
6 creatures vanquished.

Vanquished Creatures (others)
  Prince Ribbit (D:9)
  A swamp drake (Lair:3)
  An orc priest (D:11)
  An orc wizard (D:4)
  3 orcs
  A briar patch (Swamp:2)
  10 foxfires (Swamp:3)
  38 fungi
  71 plants
127 creatures vanquished.

Grand Total: 1206 creatures vanquished

Notes
Turn   | Place    | Note
-------+----------+-------------------------------------------
     0 | D:1      | toffzen the Tengu Berserker began the quest for the Orb.
     0 | D:1      | Reached XP level 1. HP: 14/14 MP: 2/2
   133 | D:1      | Found Sekobbu's Magic Scroll Emporium.
   280 | D:1      | Found a faded altar of an unknown god.
   287 | D:1      | Reached XP level 2. HP: 19/19 MP: 3/3
   934 | D:2      | Noticed Jessica
  1157 | D:2      | Killed Jessica
  1158 | D:2      | Reached XP level 3. HP: 23/23 MP: 4/4
  1644 | D:2      | Reached XP level 4. HP: 21/28 MP: 5/5
  2430 | D:3      | Gained mutation: Your magical nature lets you fly swiftly
                  | and evasively. [Tengu growth]
  2430 | D:3      | Reached XP level 5. HP: 31/32 MP: 6/6
  2494 | D:3      | Reached ** piety under Trog
  2892 | D:3      | Reached skill level 1 in Shields
  3160 | D:3      | Reached skill level 5 in Axes
  3160 | D:3      | Reached XP level 6. HP: 38/38 MP: 7/7
  3995 | D:4      | Reached *** piety under Trog
  4086 | D:4      | Reached XP level 7. HP: 42/43 MP: 8/8
  4843 | D:5      | Entered Level 5 of the Dungeon
  4847 | D:5      | Noticed Menkaure
  4859 | D:5      | Killed Menkaure
  5011 | D:5      | Found a staircase to the Ecumenical Temple.
  5137 | D:5      | Reached XP level 8. HP: 25/48 MP: 9/9
  5219 | D:5      | Noticed a yak
  5220 | D:5      | Noticed a yak
  5223 | D:5      | Noticed a yak
  5223 | D:5      | Noticed a yak
  5224 | D:5      | Noticed a yak
  5357 | D:4      | Killed a yak
  5358 | D:4      | Reached skill level 5 in Fighting
  5358 | D:4      | Killed a yak
  5359 | D:4      | Reached skill level 5 in Dodging
  5470 | D:5      | Killed a yak
  5471 | D:5      | Reached skill level 5 in Armour
  5472 | D:5      | Killed a yak
  5474 | D:5      | Killed a yak
  5475 | D:5      | Reached XP level 9. HP: 35/54 MP: 10/10
  6927 | D:6      | Reached **** piety under Trog
  7655 | D:7      | Found Otashrywe's Antique Weapon Emporium.
  7677 | D:7      | Reached skill level 5 in Shields
  7758 | D:7      | Reached XP level 10. HP: 48/61 MP: 11/11
  8163 | D:7      | Found Moowerghi's Assorted Antiques.
  8216 | D:7      | Found a runed translucent door.
  8217 | D:7      | Noticed Cralpanu's ghost (novice FoFi)
  8227 | D:7      | Found Heprorigo's Antique Armour Shoppe.
  8240 | D:7      | Found an ornate altar of the Wu Jian Council.
  8344 | D:7      | Found Moapler's Magic Scroll Shop.
  8352 | D:7      | Bought a scroll of fog for 26 gold pieces
  8352 | D:7      | Bought a scroll of identify for 26 gold pieces
  8352 | D:7      | Bought a scroll of teleportation for 39 gold pieces
  8352 | D:7      | Bought a scroll of identify for 26 gold pieces
  8352 | D:7      | Bought a scroll of identify for 26 gold pieces
  8497 | D:7      | Found Agrihen's Weapon Boutique.
  8701 | D:6      | Reached skill level 10 in Axes
  9054 | D:8      | Noticed an elephant
  9078 | D:8      | Killed an elephant
  9153 | D:8      | Found a staircase to the Lair.
  9835 | D:8      | Noticed a two-headed ogre
  9846 | D:8      | Killed a two-headed ogre
  9914 | D:8      | Noticed Maurice
  9938 | D:8      | Killed Maurice
  9939 | D:8      | Reached XP level 11. HP: 62/67 MP: 12/12
 10554 | D:8      | Noticed a centaur warrior
 10570 | D:8      | Killed a centaur warrior
 10970 | D:9      | Noticed Grum
 10990 | D:9      | Killed Grum
 11194 | D:9      | Noticed Pikel
 11386 | D:9      | Found a staircase to the Orcish Mines.
 11641 | D:8      | Paralysed by a hornet for 3 turns
 11646 | D:8      | Paralysed by a hornet for 2 turns
 12285 | D:9      | Noticed Erolcha
 12292 | D:9      | Killed Erolcha
 12352 | D:9      | Noticed Prince Ribbit
 12368 | D:9      | Noticed a two-headed ogre
 12389 | D:9      | Your ally died
 12397 | D:9      | Killed a two-headed ogre
 12920 | D:9      | Noticed Harold
 12934 | D:9      | Killed Harold
 13239 | D:10     | Entered Level 10 of the Dungeon
 13383 | D:10     | Found Fonajiem's Book Shop.
 13577 | D:10     | Found Atocuang's Antique Armour Emporium.
 14124 | D:11     | Noticed Psyche
 14134 | D:11     | Killed Psyche
 14135 | D:11     | Reached XP level 12. HP: 75/75 MP: 13/13
 14256 | D:11     | Reached ***** piety under Trog
 14420 | D:11     | Noticed Sonja
 14423 | D:11     | Noticed Sonja
 14423 | D:11     | Sonja changed into Sonja the queen bee
 14427 | D:11     | Killed Sonja the queen bee
 15734 | D:9      | Killed Pikel
 15785 | Orc:1    | Entered Level 1 of the Orcish Mines
 16137 | Orc:2    | Entered Level 2 of the Orcish Mines
 16137 | Orc:2    | Found Metwogoci's Assorted Antiques.
 16164 | Orc:2    | Bought a crystal whip for 195 gold pieces
 16164 | Orc:2    | Identified the +6 whip of Foul Odors {speed, Contam Will+++
                  | Dex+2} (You bought it in a shop on level 2 of the Orcish
                  | Mines)
 16345 | Orc:2    | Noticed an orc warlord
 16793 | D:9      | Killed an orc warlord
 17074 | Orc:2    | Received a gift from Trog
 17189 | Lair:1   | Entered Level 1 of the Lair of Beasts
 17901 | Lair:1   | Found a dark tunnel.
 19097 | Lair:2   | Reached skill level 10 in Armour
 19097 | Lair:2   | Reached XP level 13. HP: 80/80 MP: 14/14
 19389 | Lair:2   | Found a staircase to the Swamp.
 19673 | Lair:2   | Reached skill level 10 in Dodging
 20069 | Lair:3   | Noticed Armakuni's ghost (journeyman VSAr)
 20072 | Lair:3   | Found a transporter.
 21529 | Lair:3   | Reached skill level 10 in Fighting
 22103 | Lair:3   | Found a transporter.
 23296 | Lair:3   | Found a staircase to the Snake Pit.
 23983 | Lair:3   | Reached XP level 14. HP: 57/88 MP: 15/15
 24321 | Lair:3   | Reached skill level 15 in Axes
 25238 | Lair:3   | Reached skill level 10 in Shields
 26389 | Lair:5   | Identified the +4 broad axe of Rotation {flame, rC+ Will+
                  | Str+7 Stlth-} (Trog gifted it to you on level 5 of the Lair
                  | of Beasts)
 26389 | Lair:5   | Received a gift from Trog
 26406 | Lair:4   | Gained mutation: Armour fits poorly on your strangely
                  | shaped body. [mutagenic glow]
 27366 | Lair:6   | Entered Level 6 of the Lair of Beasts
 27383 | Lair:6   | Found a staircase to the Slime Pits.
 28018 | Lair:6   | Reached XP level 15. HP: 95/95 MP: 16/16
 28102 | Lair:6   | Found a sacrificial altar of Ru.
 28427 | Lair:6   | Received a gift from Trog
 28576 | Lair:6   | Identified the ring of Vaegofun {Wiz Int+5 Stlth+}
 28579 | Lair:6   | Identified the +4 rapier of Impeachment {flame, Fragile rC+
                  | Int+3}
 28583 | Lair:6   | Identified the +1 pair of boots of the Armadillo {Will+
                  | Int+3}
 28586 | Lair:6   | Identified the Guide on Quantum Weightlessness
 28814 | Lair:6   | Noticed Josephine
 28822 | Lair:6   | Killed Josephine
 29334 | D:12     | Identified the +1 leather armour of Addaink {Regen+ Dex+3}
 31035 | D:14     | Found Wamahag's Armour Boutique.
 31043 | D:14     | Noticed Urug
 31070 | D:14     | Killed Urug
 31147 | D:14     | Noticed Rupert
 31169 | D:14     | Killed Rupert
 31249 | D:14     | Found a gate to the Vaults.
 31300 | D:14     | Found a glowing golden altar of the Shining One.
 32253 | D:15     | Entered Level 15 of the Dungeon
 32259 | D:15     | Reached XP level 16. HP: 101/101 MP: 17/17
 32525 | D:15     | Found a runed translucent gate.
 32526 | D:15     | Found a runed translucent gate.
 32527 | D:15     | Found a runed translucent gate.
 32528 | D:15     | Found an opulent altar of Gozag.
 32529 | D:15     | Found Vofecide's Assorted Antiques.
 32529 | D:15     | Noticed a tengu reaver
 32529 | D:15     | Noticed a tengu reaver
 32529 | D:15     | Noticed Lokh's ghost (journeyman MiBe)
 33050 | D:15     | Found a staircase to the Depths.
 34011 | Orc:1    | Noticed Nergalle
 34032 | Orc:1    | Killed Nergalle
 34102 | Orc:1    | Found Hofagokh's Weapon Emporium.
 34105 | Orc:1    | Noticed Snorg
 34112 | Orc:1    | Killed Snorg
 34143 | Orc:1    | Reached ****** piety under Trog
 34411 | Orc:2    | Noticed Jorgrun
 34419 | Orc:2    | Received a gift from Trog
 34430 | Orc:1    | Killed Jorgrun
 34670 | Orc:2    | Found a staircase to the Elven Halls.
 35752 | Orc:2    | Found Lurotzik's Antique Armour Shop.
 35752 | Orc:2    | Found Qazy's General Store.
 35752 | Orc:2    | Found Lokhutte's Distillery.
 35755 | Orc:2    | Found Vyvad's Distillery.
 35768 | Orc:2    | Bought a potion of heal wounds for 65 gold pieces
 35768 | Orc:2    | Bought a potion of might for 52 gold pieces
 35768 | Orc:2    | Bought a potion of might for 52 gold pieces
 35769 | Orc:2    | Bought a scroll of blinking for 120 gold pieces
 35769 | Orc:2    | Bought a potion of heal wounds for 80 gold pieces
 35769 | Orc:2    | Bought a potion of might for 64 gold pieces
 35770 | Orc:2    | Bought a potion of haste for 120 gold pieces
 35770 | Orc:2    | Bought a potion of haste for 120 gold pieces
 35770 | Orc:2    | Bought a potion of curing for 36 gold pieces
 35770 | Orc:2    | Bought a potion of curing for 36 gold pieces
 35770 | Orc:2    | Bought 2 potions of curing for 72 gold pieces
 36087 | Snake:1  | Entered Level 1 of the Snake Pit
 36357 | Snake:1  | Found Geteqoip's Armour Shoppe.
 36360 | Snake:1  | Found Diavoz's Jewellery Emporium.
 36360 | Snake:1  | Found Iclor's Antique Armour Shoppe.
 36363 | Snake:1  | Found Uhahogh's Armour Emporium.
 36396 | Snake:1  | Noticed Louise
 36430 | Snake:1  | Killed Louise
 36830 | Swamp:1  | Entered Level 1 of the Swamp
 37209 | Swamp:1  | Found a runed translucent gate.
 37210 | Swamp:1  | Found a runed translucent gate.
 37210 | Swamp:1  | Noticed Donald
 37260 | Swamp:1  | Killed Donald
 37694 | Swamp:1  | Found a runed translucent gate.
 37695 | Swamp:1  | Noticed Puri's ghost (adept GrFi)
 37929 | Swamp:1  | Received a gift from Trog
 38045 | Swamp:1  | Reached skill level 15 in Fighting
 38621 | Swamp:2  | Noticed a thorn hunter
 38832 | Swamp:2  | Killed a thorn hunter
 38922 | Swamp:2  | Reached XP level 17. HP: 112/113 MP: 18/18
 39042 | Swamp:2  | Identified the +7 flail "Vofaexir" {vamp, rN++}
 40170 | Swamp:4  | Entered Level 4 of the Swamp
 40494 | Swamp:4  | Noticed a tentacled monstrosity
 40523 | Swamp:4  | Killed a tentacled monstrosity
 41396 | Swamp:4  | Noticed the 27-headed Lernaean hydra
 41406 | Swamp:4  | Killed the 24-headed Lernaean hydra
 41606 | Swamp:4  | Identified the +7 chain mail "Poutsome" {rC+ Slay+5 Stlth+}
 41720 | Swamp:4  | Got a decaying rune of Zot
 42060 | Vaults:1 | Entered Level 1 of the Vaults
 42113 | Vaults:1 | Cast into level 3 of the Abyss (vault warden)
 42113 | Abyss:3  | Found a corrupted altar of Lugonu.
 42302 | Vaults:1 | Escaped the Abyss
 42389 | Vaults:1 | Noticed a sphinx
 42405 | Vaults:1 | Killed a sphinx
 42696 | Vaults:1 | Reached XP level 18. HP: 122/122 MP: 19/19
 43674 | Vaults:1 | Received a gift from Trog
 44485 | Vaults:1 | Identified the +7 falchion of Fuuphoal {flame, rN+ rCorr
                  | Str-4 Int+2}
 45870 | Vaults:2 | HP: 2/186 [deep troll[an ironbound preserver] (16)]
 46652 | Vaults:2 | Received a gift from Trog
 46707 | Vaults:2 | Reached XP level 19. HP: 110/129 MP: 20/20
 46809 | Vaults:2 | Noticed Sojobo
 46842 | Vaults:2 | Killed Sojobo
 48125 | Vaults:2 | Found a runed translucent gate.
 48126 | Vaults:2 | Found a runed translucent gate.
 48126 | Vaults:2 | Found a runed translucent gate.
 48126 | Vaults:2 | Noticed Nybbakke's ghost (adept MiFi)
 48128 | Vaults:2 | Identified the ring "Coizaut" {rElec rF- rN+ rCorr Int+6}
 48129 | Vaults:2 | Found an iron altar of Okawaru.
 48242 | Vaults:2 | Reached skill level 15 in Armour
 49003 | Vaults:3 | Reached skill level 15 in Dodging
 49180 | Vaults:3 | Received a gift from Trog
 49961 | Vaults:3 | Found a staircase to the Crypt.
 51185 | Vaults:3 | Found a runed translucent gate.
 51185 | Vaults:3 | Found a runed translucent gate.
 51185 | Vaults:3 | Found a runed translucent gate.
 51185 | Vaults:3 | Noticed Wakhat's ghost (adept MiFi)
 51185 | Vaults:3 | Identified the +6 chain mail of Masochism {rF+ Int+4}
 51239 | Vaults:3 | Slain by an ironbound thunderhulk

Illustrated notes

Levels and vault maps discovered:
D:1:      minmay_arrival_doors, layout_basic,
          hellmonk_ecumenical_altar_pennies_from_heaven, serial_shops, shop,
          due_unseen_surprise
D:2:      layout_loops_ring, minmay_strange_pillars, uniq_jessica
D:3:      minmay_bubble_buster, layout_loops_ring, grunt_ministairs_12
D:4:      layout_rooms, palyth_stone_intersect, uniq_crazy_yiuf_cottage
D:5:      layout_basic, lemuel_temple_firewalk_b, lemuel_another_geyser,
          uniq_menkaure
D:6:      layout_basic, minmay_between
D:7:      minmay_evil_eye, layout_basic, nicolae_wu_jian_immortal_techniques,
          serial_shops, nicolae_shop_statue_plus, kennysheep_mini,
          kennysheep_mini_moat, shop, nicolae_shop_stone,
          ebering_ghost_reflecting_pool
D:8:      cheibrodos_two_vegetables, layout_basic, david_lair_generic,
          special_room [special_room_orc], minmay_misc_feat_cross, st_stairs_9,
          minmay_misc_feat_rugged, uniq_maurice
D:9:      layout_roguey, kennysheep_orc_monster_closet_entryway, uniq_grum,
          uniq_pikel, uniq_harold, uniq_erolcha, uniq_prince_ribbit1
D:10:     layout_loops_corners, serial_shops, shop, shop
D:11:     layout_roguey, serial_ice, serial_ice_o, serial_ice_m, serial_ice_h,
          serial_ice_n, serial_ice_g, serial_ice_f, serial_ice_l,
          grunt_decor_clamped, uniq_sonja, uniq_psyche
D:12:     layout_loops_cross, kennysheep_nub, minivault_16, drop_trap,
          minmay_quadrilaterals
D:13:     layout_roguey
D:14:     layout_small_grid, david_vaults_3, serial_shops,
          nicolae_shop_waterfront, tso_metal_star
D:15:     grunt_enter_depths_snipers, layout_long_grid,
          kennysheep_pointless_box, ebering_ghost_gozag
Lair:1:   layout_roguey, lightli_volcano_entry_magma_tube
Lair:2:   layout_gridlike, nicolae_swamp_entry_splash_gauntlet,
          lemuel_fruit_fields
Lair:3:   lemuel_reptile_caves, layout_gridlike, dummy_snake_entry,
          gammafunk_ghost_arena, chequers_serial_rivers_marsh,
          small_statue_intersection
Lair:4:   layout_long_grid
Lair:5:   layout_regular_city, grunt_forest_stairs_clearing,
          serial_bayou_shore_b
Lair:6:   gammafunk_lair_ancient_temple, layout_misc_corridors, slime_dummy,
          lemuel_centaur_altar, uniq_urug, uniq_josephine, uniq_rupert
Swamp:1:  layout_basic_swamp, ebering_ghost_rock_garden, serial_swamp_ruin,
          evilmike_swamp_ruin_house_2, evilmike_swamp_ruin_house_6, swamp_pool1,
          uniq_donald
Swamp:2:  layout_basic_swamp, nicolae_swamp_ascending_descending,
          infiniplex_staircase_pool
Swamp:3:  layout_basic_swamp, hangedman_swamp_cone
Swamp:4:  swamp_old_school, layout_basic_swamp
Snake:1:  layout_chambers, grunt_megastairs_2, minmay_shoptagon, uniq_louise,
          uniq_aizul, uniq_kirke, uniq_roxanne
Orc:1:    layout_caves, serial_shops, shop, uniq_snorg, uniq_nergalle
Orc:2:    st_orc_mages, layout_caves, serial_shops, shop, uniq_jorgrun
Vaults:1: hangedman_vaults_maws, nicolae_vaults_sealed_display,
          vaults_standard_mumra_lines, vaults_standard_mumra_enter_the_diamond,
          grunt_vaults_hallway_long, vaults_room_grid, v_alt_pattern_5,
          dpeg_vaults_monster_box, nicolae_vaults_little_squares_2,
          nicolae_vaults_meeting, vaults_room_pool, layout_vaults_omnicross
Vaults:2: gammafunk_vaults_ghost_fury_of_okawaru,
          nicolae_vaults_little_squares_2, nicolae_vaults_what_the_h,
          nicolae_vaults_alarming, nicolae_vaults_theta, vaults_mumra_lcd,
          vaults_room_fours, layout_vaults_omnigrid, uniq_sojobo
Vaults:3: biasface_vaults_ghost_orc_armoury, ontoclasm_vaults_pinch,
          v_pattern_3, vaults_room_large_hall,
          minmay_crypt_entry_simple_corners, dpeg_vaults_monster_row,
          hangedman_vaults_snaps, hangedman_vaults_impose, grunt_vaults_funnel,
          nicolae_vaults_little_squares_6, hangedman_vaults_capsules,
          layout_vaults_big_room

Skill      XL: |  1  2  3  4  5  6  7  8  9 10 11 12 13 14 15 16 17 18 19 |
---------------+----------------------------------------------------------+-----
Axes           | 4 5 6 7 9 11 12 13 14 16 18 | 18.0
Armour         | 3 4 5 6 7 8 10 11 12 13 14 15 | 15.3
Dodging        | 3 4 5 6 7 8 9 10 11 12 13 14 15 | 15.3
Shields        | 1 2 3 5 6 7 8 9 10 11 12 13 14 | 14.0
Fighting       | 4 5 6 7 8 9 10 11 15 16 17 18 | 18.8

Action                   |  1- 3 |  4- 6 |  7- 9 | 10-12 | 13-15 | 16-18 | 19-21 || total
-------------------------+-------+-------+-------+-------+-------+-------+-------++-------
Melee: Hand axe          |    51 |   157 |    23 |       |       |       |       ||   231
       Kick              |    12 |    49 |    68 |   282 |   588 |   416 |   131 ||  1546
       Peck              |     7 |    20 |    33 |   161 |   397 |   241 |    75 ||   934
       War axe           |       |       |   201 |   217 |       |       |       ||   418
       Broad axe         |       |       |       |   344 |   437 |   930 |   257 ||  1968
       Whip              |       |       |       |   262 |   826 |       |       ||  1088
Invok: Berserk           |     1 |     5 |    13 |    21 |    24 |    20 |     5 ||    89
       Trog's Hand       |       |       |     3 |     6 |     9 |    16 |     4 ||    38
       Brothers in Arms  |       |       |       |       |       |     3 |     2 ||     5
Evoke: Wand              |       |       |       |    13 |     2 |       |       ||    15
  Use: Scroll            |       |     1 |     5 |    21 |     5 |     3 |     2 ||    37
       Potion            |       |       |     1 |       |       |     3 |     4 ||     8
 Stab: Sleeping          |     1 |       |       |       |       |       |       ||     1
       Confused          |       |       |       |       |     1 |       |       ||     1
Armor: Animal skin       |     9 |       |       |       |       |       |       ||     9
       Plate armour      |     3 |    58 |   108 |   307 |   248 |   162 |       ||   886
       Crystal plate arm |       |    27 |       |    43 |       |       |       ||    70
       Chain mail        |       |       |       |       |       |    51 |    67 ||   118
Dodge: Dodged            |    33 |    25 |    61 |   196 |   366 |   291 |    96 ||  1068
Block: Kite shield       |       |    66 |   124 |   380 |   531 |       |       ||  1101
       Tower shield      |       |       |       |       |    27 |   811 |   258 ||  1096

Table legend: (Time is in decaauts)
 A = Elapsed time spent in this place.
 B = Non-inter-level travel time spent in this place.
 C = Inter-level travel time spent in this place.
 D = Time resting spent in this place.
 E = Time spent auto-exploring this place.
 F = Levels seen in this place.
 G = Mean time per level.
                   A        B        C        D        E       F      G
               +--------+--------+--------+--------+--------+-----+--------+
         Total |  49536 |  47326 |   2210 |  21690 |  12844 |  33 | 1501.1 |
       Dungeon |  20993 |  19942 |   1051 |   8225 |   7374 |  15 | 1399.5 |
          Lair |  11775 |  11020 |    755 |   4858 |   3236 |   6 | 1962.5 |
         Swamp |   4827 |   4664 |    163 |   2262 |    651 |   4 | 1206.8 |
     Snake Pit |    309 |    309 |      0 |    139 |      0 |   1 |  309.0 |
  Orcish Mines |   3030 |   2982 |     48 |   1487 |    482 |   2 | 1515.0 |
        Vaults |   8408 |   8217 |    191 |   4605 |   1100 |   3 | 2802.7 |
         Abyss |    191 |    191 |      0 |    110 |      0 |   2 |   95.5 |
               +--------+--------+--------+--------+--------+-----+--------+

Top non-repeatable levels by time:
Vaults:1: 3816 daAuts
  Lair:3: 3399 daAuts
  Lair:2: 3183 daAuts
Vaults:2: 3079 daAuts
     D:9: 2725 daAuts
     D:8: 2473 daAuts
     D:3: 1929 daAuts
 Swamp:1: 1779 daAuts
   Orc:1: 1773 daAuts
    D:14: 1735 daAuts
  Lair:4: 1606 daAuts
    D:11: 1590 daAuts
Vaults:3: 1512 daAuts
 Swamp:4: 1460 daAuts
     D:4: 1396 daAuts
